 Dungeon Sprint DCSS version 0.31-a0-675-g238779eb0a (webtiles) character file.

Game seed: 9764740343928827009

119 fingers the Ruffian (level 5, -2/31 HPs)
             Began as a Vine Stalker Berserker on Sept 5, 2023.
             Was a Priest of Trog.
             Slain by a deep elf pyromancer
             ... wielding a +1 long sword of holy wrath
              (6 damage)
             ... in the Dungeon (Sprint III: "The Ten Rune Challenge").
             The game lasted 00:01:55 (213 turns).

fingers the Ruffian (Vine Stalker Berserker)         Turns: 213, Time: 00:01:56

Health: -2/31      AC:  2    Str: 19    XL:     5   Next: 3%
Magic:  0/6        EV: 13    Int:  7    God:    Trog [***...]
Gold:   26         SH:  0    Dex: 16    Spells: 4/4 levels left

rFire   . .          .
                       - Unarmed
rCold   . . .        (no shield)
rNeg    . . .        a - +0 animal skin
rPois   .            (no helmet)
rElec   .            (no cloak)
rCorr   .            (no gloves)
SInv    .            (no boots)
Will    .....        (no amulet)
Stlth   ++           (no ring)
HPRegen 1.05/turn    (no ring)
MPRegen 0.10/turn

%: no teleportation, guardian spirit
@: on berserk cooldown
A: fangs 2, regeneration 1, magic shield, antimagic bite, no potion heal 2,
mutation resistance 1
a: Renounce Religion, Berserk, Trog's Hand


You were in the Dungeon.
You worshipped Trog.
Trog was most pleased with you.
You visited 1 branch You collected 26 gold pieces.

Inventory:

Armour
 a - a +0 animal skin (worn)
Scrolls
 f - a scroll of blinking
 g - 2 scrolls of identify {unknown}
 i - 2 scrolls of torment {unknown}
 j - a scroll of enchant armour {unknown}
 l - a scroll of immolation {unknown}
Potions
 b - 2 potions of curing
 c - a potion of haste
 d - 2 potions of magic
 e - a potion of berserk rage
 k - 2 potions of lignification {unknown}


   Skills:
 + Level 5.6 Fighting
 + Level 2.8 Armour
 + Level 3.3 Dodging
 + Level 0.3 Stealth
 + Level 6.8 Unarmed Combat


You had 4 spell levels left.
You didn't know any spells.
Your spell library was empty.

Dungeon Overview and Level Annotations

Branches:
Dungeon (1/1)

Altars:
Elyvilon
Zin
The Shining One


Innate Abilities, Weirdness & Mutations

You have extremely sharp teeth.
Your natural rate of healing is unusually fast.
When hurt, damage is shared between your health and your magic reserves.
Your bite disrupts and absorbs the magic of your enemies.
Potions cannot restore your health.
You are somewhat resistant to further mutation.


Message History

The deep elf pyromancer hits you with a +1 long sword of holy wrath.
You closely miss the deep elf pyromancer.
You bite the deep elf pyromancer.
The deep elf pyromancer's magic leaks into the air.
You drain its magic.
You feel invigorated.
The deep elf pyromancer is moderately wounded.
You feel yourself speed up.
The deep elf pyromancer gestures at you while chanting.
The bolt of fire hits you!!
Ouch! That really hurt!
* * * LOW HITPOINT WARNING * * *
You hit the deep elf pyromancer. You bite the deep elf pyromancer.
The deep elf pyromancer's magic leaks into the air.
You drain its magic.
You feel invigorated.
The deep elf pyromancer is heavily wounded.
The deep elf pyromancer hits you with a +1 long sword of holy wrath.
* * * LOW HITPOINT WARNING * * *
You hit the deep elf pyromancer. You bite the deep elf pyromancer.
The deep elf pyromancer's magic leaks into the air.
You drain its magic.
You feel invigorated.
The deep elf pyromancer is heavily wounded.
The deep elf pyromancer falters for a moment.
You closely miss the deep elf pyromancer.
The deep elf pyromancer is heavily wounded.
The deep elf pyromancer hits you with a +1 long sword of holy wrath!
* * * LOW HITPOINT WARNING * * *
Unknown command.
You hit the deep elf pyromancer.
The deep elf pyromancer is severely wounded.
You closely miss the deep elf pyromancer.
You punch the deep elf pyromancer. You bite the deep elf pyromancer.
The deep elf pyromancer's magic leaks into the air.
You drain its magic.
You feel invigorated.
The deep elf pyromancer is almost dead.
The deep elf pyromancer falters for a moment.
You hit the deep elf pyromancer.
Your punch misses the deep elf pyromancer.
The deep elf pyromancer is almost dead.
The deep elf pyromancer hits you with a +1 long sword of holy wrath!
You die...

▓▓▓▓▓▓ ▓▓▓ .#...####
##.#####
.#...)..#####..#___#
##.......#..#..#@e.#
.##.##...#..#..###'#+###+#
.##.###..##'#..#..........
####.##..###...'.⌠........
##†.##..####...#...######+
....##..###....#.⌠.#
#..##...##.....#...#
..##....#.†....#+###
.###..##.#.....#


You could see a deep elf pyromancer (magic disrupted).

Vanquished Creatures
  A water elemental (D)
  Jessica (D)
  A human (D)
  A wolf (D)
  An endoplasm (D)
  2 rats (D)
7 creatures vanquished.

Notes
Turn   | Place    | Note
-------+----------+-------------------------------------------
     0 | D        | fingers the Vine Stalker Berserker began the quest for the
                  | Orb.
     0 | D        | Reached XP level 1. HP: 11/11 MP: 2/2
    38 | D        | Noticed Jessica
    49 | D        | Killed Jessica
    49 | D        | Reached ** piety under Trog
    50 | D        | Reached skill level 4 in Unarmed Combat
    50 | D        | Reached XP level 2. HP: 12/17 MP: 0/3
    50 | D        | Reached XP level 3. HP: 15/21 MP: 0/4
   104 | D        | Reached skill level 5 in Unarmed Combat
   112 | D        | Reached XP level 4. HP: 26/26 MP: 5/5
   130 | D        | Gained mutation: You have large cloven feet. [potion of
                  | mutation]
   130 | D        | Gained mutation: You are weak. (Str -2) [potion of
                  | mutation]
   130 | D        | Gained mutation: You are partially covered in iridescent
                  | scales. (AC +2) [potion of mutation]
   130 | D        | Gained mutation: You are somewhat resistant to further
                  | mutation. [potion of mutation]
   131 | D        | Lost mutation: You have large cloven feet. [potion of
                  | mutation]
   131 | D        | Lost mutation: You are somewhat resistant to further
                  | mutation. [potion of mutation]
   131 | D        | Lost mutation: You are weak. (Str -2) [potion of mutation]
   131 | D        | Gained mutation: You sometimes lose your temper in combat.
                  | [potion of mutation]
   131 | D        | Gained mutation: You are mostly covered in iridescent
                  | scales. (AC +4) [potion of mutation]
   131 | D        | Gained mutation: Your movements are slightly less
                  | encumbered by armour. (ER -2) [potion of mutation]
   132 | D        | Lost mutation: Your movements are slightly less encumbered
                  | by armour. (ER -2) [potion of mutation]
   132 | D        | Lost mutation: You sometimes lose your temper in combat.
                  | [potion of mutation]
   132 | D        | Lost mutation: You are mostly covered in iridescent scales.
                  | (AC +4) [potion of mutation]
   132 | D        | Gained mutation: You have sharp fingernails. [potion of
                  | mutation]
   133 | D        | Lost mutation: You are partially covered in iridescent
                  | scales. (AC +2) [potion of mutation]
   133 | D        | Lost mutation: You have sharp fingernails. [potion of
                  | mutation]
   133 | D        | Gained mutation: You possess an exceptional clarity of
                  | mind. [potion of mutation]
   133 | D        | Gained mutation: You are dopey. (Int -2) [potion of
                  | mutation]
   134 | D        | Lost mutation: You are dopey. (Int -2) [potion of mutation]
   134 | D        | Lost mutation: You possess an exceptional clarity of mind.
                  | [potion of mutation]
   134 | D        | Gained mutation: You are somewhat resistant to further
                  | mutation. [potion of mutation]
   139 | D        | Noticed a water elemental
   175 | D        | Killed a water elemental
   175 | D        | Reached *** piety under Trog
   176 | D        | Reached skill level 5 in Fighting
   176 | D        | Reached skill level 6 in Unarmed Combat
   176 | D        | Reached XP level 5. HP: 20/31 MP: 3/6
   201 | D        | Found a glowing silver altar of Zin.
   201 | D        | Found a glowing golden altar of the Shining One.
   201 | D        | Found a white marble altar of Elyvilon.
   202 | D        | Noticed a deep elf pyromancer
   210 | D        | HP: 1/31 [deep elf pyromancer/+1 long sword of holy wrath
                  | (2)]
   213 | D        | Slain by a deep elf pyromancer

Illustrated notes

Levels and vault maps discovered:
D:        dungeon_sprint_mu [sprint_mu_entry_cave, sprint_mu_temple_rooms,
          sprint_mu_d1_horrors, sprint_mu_d2_genie, sprint_mu_d3_branching,
          sprint_mu_orc_legion, sprint_mu_elf_gauntlet, sprint_mu_hive_nellie,
          sprint_mu_lair_fedhas, sprint_mu_vaults_butterflies,
          sprint_mu_slime_circle, sprint_mu_swamp_cave, sprint_mu_shoals_kraken,
          sprint_mu_blade_basic, sprint_mu_crypt_lich, sprint_mu_tomb_spiral,
          sprint_mu_vestibule_basic, sprint_mu_gehenna_hellfire,
          sprint_mu_dis_giant, sprint_mu_tartarus_statrot,
          sprint_mu_cocytus_islands, sprint_mu_zot1]

Skill      XL: |  1  2  3  4 |
---------------+-------------+-----
Fighting       | 4 5 |  5.6
Armour         | 2 |  2.8
Dodging        | 2 3 |  3.3
Unarmed Combat | 4 5 6 |  6.8
Stealth        | |  0.3

Action                     |  1- 3 |  4- 6 || total
---------------------------+-------+-------++-------
  Melee: Unarmed           |    18 |    12 ||    30
         Bite              |     4 |     5 ||     9
         Punch             |       |     1 ||     1
 Invoke: Berserk           |     2 |     1 ||     3
    Use: Potion            |       |     5 ||     5
 Armour: Animal skin       |     5 |     8 ||    13
  Dodge: Dodged            |    10 |     4 ||    14

Table legend: (Time is in decaauts)
 A = Elapsed time spent in this place.
 B = Non-inter-level travel time spent in this place.
 C = Inter-level travel time spent in this place.
 D = Time resting spent in this place.
 E = Time spent auto-exploring this place.
 F = Levels seen in this place.
 G = Mean time per level.
                   A        B        C        D        E       F      G
               +--------+--------+--------+--------+--------+-----+--------+
         Total |    238 |    225 |     13 |      0 |     87 |   1 |  238.0 |
       Dungeon |    238 |    225 |     13 |      0 |     87 |   1 |  238.0 |
               +--------+--------+--------+--------+--------+-----+--------+

Top non-repeatable levels by time:
       D: 238 daAuts
